 Dungeon Crawl Stone Soup version 0.25-a0-166-g16436c4 (webtiles) character file.

Game seed: 2811559785110843398, levelgen mode: deterministic

114 Letos the Insei (level 5, -5/42 HPs)
             Began as a Human Monk on Nov 23, 2019.
             Killed by nerve-wracking pain
             ... invoked by Menkaure
              (8 damage)
             ... on level 4 of the Dungeon.
             The game lasted 00:04:00 (3073 turns).

Letos the Insei (Human Monk)                        Turns: 3073, Time: 00:04:01

Health: -5/42      AC:  5    Str: 12    XL:     5   Next: 19%
Magic:  5/5        EV: 13    Int: 11    God:
Gold:   127        SH:  0    Dex: 15    Spells: 4/4 levels left

rFire    . . .     SeeInvis .     - Unarmed
rCold    . . .     Gourm    .   (no shield)
rNeg     . . .     Faith    .   h - +0 leather armour
rPois    .         Spirit   .   (no helmet)
rElec    .         Reflect  .   (no cloak)
rCorr    .         Harm     .   (no gloves)
MR       .....                  i - +0 pair of boots
Stlth    ++........             f - amulet of magic regeneration
HPRegen  0.14/turn              o - +1 ring of protection
MPRegen  0.34/turn              (no ring)

@: no status effects
A: no striking features
a: no special abilities


You were on level 4 of the Dungeon.
You were not hungry.

You visited 1 branch of the dungeon, and saw 4 of its levels.

You collected 127 gold pieces.

Inventory:

Armour
 h - a +0 leather armour (worn)
 i - a +0 pair of boots (worn)
Jewellery
 f - an amulet of magic regeneration (around neck)
 o - a +1 ring of protection (left hand)
Scrolls
 c - 5 scrolls of identify {unknown}
 d - 2 scrolls of teleportation {unknown}
 g - 3 scrolls of remove curse
 j - 2 scrolls of enchant weapon {unknown}
 k - a scroll of immolation {unknown}
Potions
 a - a potion of cancellation {unknown}
 e - a potion of flight {unknown}
 l - 2 potions of heal wounds {unknown}
 n - a potion of might {unknown}
Comestibles
 b - 8 rations


   Skills:
 + Level 3.7 Fighting
 + Level 3.7 Dodging
 - Level 2.0 Stealth
 * Level 4.4 Unarmed Combat


You had 4 spell levels left.
You didn't know any spells.
Your spell library was empty.

Dungeon Overview and Level Annotations

Branches:
Dungeon (4/15)
 Temple: D:4-7

Altars:
Ru
Sif Muna
Vehumet
The Shining One

Annotations:
D:4 Menkaure


Message History

* * * LOW HITPOINT WARNING * * *
The iguana convulses!
You hit Menkaure but do no damage.
Menkaure is moderately damaged.
Menkaure calls on the powers of darkness!
Your body is wracked with pain!
* * * LOW HITPOINT WARNING * * *
The iguana convulses!
You closely miss Menkaure.
Menkaure is moderately damaged.
You hit Menkaure.
Menkaure is moderately damaged.
Menkaure gestures at you while chanting.
Pain shoots through your body!
* * * LOW HITPOINT WARNING * * *
You hit Menkaure.
Menkaure is severely damaged.
Menkaure points at you and mumbles some strange words.
Pain shoots through your body!
You die...

#.# ... #.# ... #.#
#.# #.# #.# #.# #.#
#.# #####.###.# #.#
#..>......# #.#
#####.###.###.######
#.# ......lM@.#
#......# #.#
#.##...######......#
#.#
........####..#'#..#
#.#
..............+_+..#
#<#
........####..#+#..#
#.# #......
#......####.#
##.####
##..........# ..
############


You could see Menkaure and an iguana.

Vanquished Creatures
  An orc wizard (D:3)
  An adder (D:2)
  An ooze (D:1)
  A worm (D:2)
  2 dart slugs (D:1)
  4 leopard geckos
  An orc (D:3)
  3 ball pythons
  4 giant cockroaches
  6 goblins
  2 hobgoblins (D:2)
  10 jackals
  5 kobolds
  2 quokkas (D:3)
  5 bats
  A frilled lizard (D:1)
  7 rats
56 creatures vanquished.

Notes
Turn   | Place    | Note
-------+----------+-------------------------------------------
     0 | D:1      | Letos the Human Monk began the quest for the Orb.
     0 | D:1      | Reached XP level 1. HP: 18/18 MP: 1/1
    92 | D:1      | Reached XP level 2. HP: 17/24 MP: 2/2
   563 | D:1      | Reached XP level 3. HP: 23/29 MP: 3/3
  1298 | D:2      | Reached XP level 4. HP: 34/35 MP: 4/4
  1426 | D:2      | Reached skill level 4 in Unarmed Combat
  2258 | D:3      | Found a glowing golden altar of the Shining One.
  2685 | D:3      | Found a sacrificial altar of Ru.
  2704 | D:3      | Reached XP level 5. HP: 26/42 MP: 5/5
  2955 | D:3      | Found a shimmering blue altar of Sif Muna.
  3052 | D:4      | Found a radiant altar of Vehumet.
  3058 | D:4      | Noticed Menkaure
  3073 | D:4      | Killed from afar by Menkaure

Levels and vault maps discovered:
D:1:      giann_bridges, layout_basic
D:2:      layout_rooms, serial_bayou, serial_bayou_pond_d,
          serial_bayou_lagoon_a, serial_bayou_crossing, serial_bayou_lagoon_b,
          serial_bayou_pond_e, serial_bayou_lake_a
D:3:      layout_basic, lemuel_coloured_pillars_altar, tso_metal_star,
          nicolae_ru_great_annihilating_truth
D:4:      layout_loops_ring, kennysheep_mini_moat,
          minmay_temple_entry_glassed_door, uniq_eustachio, uniq_menkaure,
          uniq_crazy_yiuf_cottage, uniq_grinder

Skill      XL: |  1  2  3  4 |
---------------+-------------+-----
Unarmed Combat | 4 |  4.4
Fighting       | |  3.7
Dodging        | |  3.7
Stealth        | |  2.0

Action                   |  1- 3 |  4- 6 || total
-------------------------+-------+-------++-------
Melee: Unarmed           |   132 |   144 ||   276
       Punch             |     2 |     3 ||     5
  Use: Scroll            |       |     1 ||     1
 Stab: Sleeping          |     2 |     1 ||     3
       Paralysed         |       |     2 ||     2
  Eat: Chunk             |     1 |     6 ||     7
Armor: Robe              |     7 |       ||     7
       Leather armour    |    25 |    39 ||    64
Dodge: Dodged            |   104 |   100 ||   204

Table legend:
 A = Non-vault XP
 B = Vault XP
 C = Vault XP percentage of total XP
 D = Non-vault monster count
 E = Vault monster count
 F = Vault count percentage of total count
                 A         B        C        D         E       F
            +---------+---------+-------+---------+---------+-------
      Total |     118 |      46 |  28.0 |      52 |       4 |   7.1
            +---------+---------+-------+---------+---------+-------
        D:1 |      46 |       0 |   0.0 |      19 |       0 |   0.0
        D:2 |      46 |       0 |   0.0 |      19 |       0 |   0.0
        D:3 |      26 |      46 |  63.9 |      14 |       4 |  22.2
            +---------+---------+-------+---------+---------+-------
